 Dungeon Crawl Stone Soup version 0.19-a0-1861-g35def1e (webtiles) character file.

172 Amnesiac the Sneak (level 5, -2/29 HPs)
             Began as a Deep Elf Assassin on Oct 12, 2016.
             Was an Initiate of Gozag.
             Slain by an orc
             ... wielding a +0 mace
              (8 damage)
             ... on level 3 of the Dungeon.
             The game lasted 00:07:30 (3428 turns).

Amnesiac the Sneak (Deep Elf Assassin)              Turns: 3428, Time: 00:07:31

Health: -2/29      AC:  4    Str:  8    XL:     5   Next: 27%
Magic:  7/7        EV: 12    Int: 16    God:    Gozag
Gold:   424        SH:  0    Dex: 17    Spells: 0 memorised, 4 levels left

rFire  . . .     SeeInvis .     a - +2 dagger
rCold  . . .     Gourm    .     c - +0 robe
rNeg   . . .     Faith    .     (no shield)
rPois  .         Spirit   .     (no helmet)
rElec  .         Dismiss  .     d - +0 cloak
rCorr  .         Reflect  .     (no gloves)
MR     .....     Harm     .     q - +0 pair of boots
Stlth  ++++......               (no amulet)
                                (no ring)
                                (no ring)

@: no status effects
A: no striking features
a: Potion Petition, Call Merchant, Bribe Branch, Renounce Religion


You were on level 3 of the Dungeon.
You worshipped Gozag.
Gozag was aware of your devotion.
You were not hungry.

You visited 2 branches of the dungeon, and saw 5 of its levels.

You collected 486 gold pieces.
You paid 62 gold pieces to Gozag.

Inventory:

Hand Weapons
 a - a +2 dagger (weapon)
 b - a +0 blowgun
Missiles
 e - 8 poisoned needles
 f - 2 curare-tipped needles
Armour
 c - a +0 robe (worn)
 d - a +0 cloak (worn)
 q - a +0 pair of boots (worn)
Wands
 m - a wand of digging (24/24)
Scrolls
 j - 3 scrolls of remove curse
 n - a scroll of magic mapping
 o - 4 scrolls of identify
 r - a scroll of blinking {unknown}
 s - a scroll of fear {unknown}
 v - a scroll of recharging
Potions
 h - a potion of flight {unknown}
 k - 2 potions of heal wounds {unknown}
 l - 4 potions of curing {unknown}
 p - a potion of lignification {unknown}
 t - a potion of agility {unknown}
 u - a potion of haste {unknown}
Comestibles
 g - 3 bread rations
 w - 4 fruits


   Skills:
 - Level 1.5 Fighting
 + Level 3.4 Short Blades
 - Level 2.0 Throwing
 - Level 1.2 Dodging
 * Level 7.5 Stealth


You had 4 spell levels left.
You didn't know any spells.

Dungeon Overview and Level Annotations

Branches:
Dungeon (4/15)             Temple (1/1) D:4

Altars:
Cheibriados
Dithmenos
Elyvilon
Fedhas
Gozag
Hepliaklqana
Kikubaaqudgha
Nemelex Xobeh
Ru
Sif Muna
Trog
Uskayaw
Vehumet
Yredelemnul
The Shining One

Shops:
D:4 }

Annotations:
D:3 Amnesiac's ghost, weakling DEAs
D:4 exclusions: 2 orcs and orc wizard, Edmund


Message History

The quokka is heavily wounded.
The quokka misses you.
You barely miss the quokka.
The quokka is heavily wounded.
The quokka closely misses you. The orc is distracted by your gold.
The orc shouts!
You hit the quokka.
You kill the quokka!
You hear a shout!
An orc comes into view. It is wielding a club.
The orc is no longer distracted by gold.
You see here 8 gold pieces.
You hit the orc.
The orc is heavily wounded.
The orc barely misses you.
You hit the orc.
The orc is severely wounded.
The orc hits you with a mace!
You die...
Your body crumbles into a pile of gold.

**,* *.#........... ,,,* *###**
*.######..#+## ***** *,...*
*.#,,,,#..#,,,
,,,,*****,*#.#######.#,##,#..#***
***,*>,,,,,..........#,.#.#..####
*,*,**#.##.#.###..###$#.#..#...
*,#,,,,.......o....(...........
*,#.***..#.#.#o#)o....#.#..#.##
***,#.####.#.#,#@#....#####..#.#
,,,,#......#.#.#.#...........#.##
****#......#.#.#.#.#..#####......
#........#.#.#.#..#,,*#......
*#####.......#.#'#.#..#,,*##..(..
,.........##.#........#..###.....
**####....#.<#........#..........
####.#).#........#...b......
#.#..#........#..........


You could see 2 orcs.

Vanquished Creatures
  A bullfrog skeleton (D:4)
  An orc wizard (D:2)
  3 adders
  A worm (D:2)
  A dart slug (D:1)
  5 leopard geckos
  4 orcs (D:3)
  8 giant cockroaches
  6 goblins
  10 hobgoblins
  2 jackals (D:2)
  10 kobolds
  A quokka (D:3)
  6 bats
  5 frilled lizards
  8 rats
72 creatures vanquished.

Notes
Turn   | Place    | Note
-------+----------+-------------------------------------------
     0 | D:1      | Amnesiac the Deep Elf Assassin began the quest for the Orb.
     0 | D:1      | Reached XP level 1. HP: 12/12 MP: 3/3
   106 | D:2      | Reached skill level 5 in Stealth
   124 | D:2      | Reached XP level 2. HP: 10/16 MP: 4/4
   308 | D:3      | Noticed Amnesiac's ghost (weakling DEAs)
   564 | D:4      | Found Duyvuczo's Gadget Shop.
   712 | D:4      | Reached skill level 6 in Stealth
   712 | D:4      | Reached XP level 3. HP: 20/20 MP: 5/5
   734 | D:4      | Noticed Edmund
   750 | D:4      | Found a staircase to the Ecumenical Temple.
   770 | Temple   | Entered the Ecumenical Temple
   816 | Temple   | Became a worshipper of Gozag Ym Sagoz the Greedy
  1082 | D:2      | Found a radiant altar of Vehumet.
  1216 | D:1      | Reached XP level 4. HP: 7/25 MP: 6/6
  2167 | D:2      | Found a blossoming altar of Fedhas.
  2319 | D:2      | Found a hide-covered altar of Uskayaw.
  2653 | D:3      | Reached skill level 7 in Stealth
  3222 | D:3      | Reached XP level 5. HP: 26/29 MP: 7/7
  3428 | D:3      | Slain by an orc

Vault maps used:
D:1:      dpeg_arrival_castle
D:2:      lemuel_doored_altar, marbit_many_paths, lemuel_tele_altar
D:3:      zin_statuary
D:4:      serial_shops, shop, uniq_edmund
Temple:   nicolae_temple_no_exploring_needed

Skill      XL: |  1  2  3  4 |
---------------+-------------+-----
Stealth        | 5 6 7 |  7.5
Short Blades   | 3 |  3.4
Fighting       | |  1.5
Throwing       | |  2.0
Dodging        | |  1.2

Action                   |  1- 3 |  4- 6 || total
-------------------------+-------+-------++-------
Melee: Dagger            |   117 |   133 ||   250
 Fire: Blowgun           |       |     1 ||     1
  Use: Scroll            |     4 |       ||     4
 Stab: Sleeping          |     8 |    14 ||    22
  Eat: Bread ration      |       |     2 ||     2
Armor: Robe              |    30 |    24 ||    54
Dodge: Dodged            |    71 |    60 ||   131
